 Dungeon Crawl Stone Soup version 0.28.0-43-g3370ac3207 (webtiles) character file.

Game seed: 14979625174044048229

3 Revguard the Skirmisher (level 1, -1/18 HPs)
             Began as a Demonspawn Monk on Mar 14, 2022.
             Slain by a kobold
             ... wielding a +0 short sword
              (3 damage)
             ... on level 1 of the Dungeon.
             The game lasted 00:00:33 (46 turns).

Revguard the Skirmisher (Demonspawn Monk)             Turns: 46, Time: 00:00:33

Health: -1/18      AC:  2    Str: 11    XL:     1   Next: 41%
Magic:  1/1        EV: 13    Int: 11    God:
Gold:   0          SH:  0    Dex: 15    Spells: 0/0 levels left

rFire   . . .      SeeInvis .   a - +0 hand axe
rCold   . . .      Faith    .   (no shield)
rNeg    . . .      Spirit   .   b - +0 robe
rPois   .          Reflect  .   (no helmet)
rElec   .          Harm     .   (no cloak)
rCorr   .          Rampage  .   (no gloves)
Will    .....                   (no boots)
Stlth   ++........              (no amulet)
HPRegen 0.06/turn               (no ring)
MPRegen 0.07/turn               (no ring)

@: no status effects
A: no striking features
a: no special abilities


You were on level 1 of the Dungeon.
You visited 1 branch of the dungeon, and saw 1 of its levels.

Inventory:

Hand Weapons
 a - a +0 hand axe (weapon)
Armour
 b - a +0 robe (worn)


   Skills:
 + Level 3.0 Fighting
 * Level 2.7 Axes
 * Level 0.2 Armour
 + Level 2.7 Dodging
 - Level 1.7 Stealth


You couldn't memorise any spells.
You didn't know any spells.
Your spell library was empty.

Dungeon Overview and Level Annotations

Branches:
Dungeon (1/15)

Altars:


Message History

The bat hits the plant.
Your unstable footing causes you to fumble your attack.
The bat hits you but does no damage.
The hobgoblin splashes around in the water.
The kobold hits you with a +0 short sword.
The ball python loses its grip on the plant.
The ball python barely misses you. The ball python grabs you.
The ball python constricts you. The hobgoblin misses you.
The kobold completely misses you.
You escape the ball python's grasp.
The bat closely misses you.
The kobold hits you with a +0 short sword.
The bat misses you. The bat closely misses you.
The ball python closely misses you. x2
You completely miss the ball python.
A nearby plant withers and dies.
The bat hits you. The ball python barely misses you.
The ball python closely misses you.
You hit the ball python.
The ball python is severely wounded.
You hit the bat.
You kill the bat!
You barely miss the kobold. The ball python misses you.
The ball python grabs you. The ball python constricts you.
The kobold hits you with a +0 short sword.
The ball python bites you but does no damage.
The ball python constricts you.
The ball python's grasp on you weakens, but your attempt to escape fails.
The kobold hits you with a +0 short sword.
The ball python misses you. The ball python constricts you.
You escape the ball python's grasp.
You completely miss the kobold. The ball python bites you.
* * * LOW HITPOINT WARNING * * *
The ball python closely misses you. The kobold completely misses you.
The hobgoblin hits you.
* * * LOW HITPOINT WARNING * * *
You hit the kobold.
The kobold is moderately wounded.
You hit the hobgoblin. You hit the ball python.
You kill the ball python!
The kobold hits you with a +0 short sword.
You die...

...≈≈≈≈...#..(....#.....
#..PP≈≈..###..###.#.....
#.≈≈≈≈P≈†..##)#
#.≈≈≈≈≈..#.# .#
#..≈≈≈≈≈.#... .
#.≈≈≈≈≈≈.# ##..
#..≈≈.≈..####..#
##..≈≈≈[........#
##..≈P≈≈≈@..####..
....≈≈≈≈gKg......
=#..PP≈≈≈g.......
.....P≈≈.....####
....≈≈≈≈≈.=#.#
#...P≈≈≈P≈.#.#
#...≈≈≈≈≈..#.#
#...≈≈≈≈P≈...
...≈≈≈≈≈P...##


You could see a hobgoblin, 2 goblins and a kobold.

Vanquished Creatures
  A ball python (D:1)
  3 bats (D:1)
  A rat (D:1)
5 creatures vanquished.

Vanquished Creatures (others)
  3 plants (D:1)
3 creatures vanquished.

Grand Total: 8 creatures vanquished

Notes
Turn   | Place    | Note
-------+----------+-------------------------------------------
     0 | D:1      | Revguard the Demonspawn Monk began the quest for the Orb.
     0 | D:1      | Reached XP level 1. HP: 18/18 MP: 1/1
    46 | D:1      | Slain by a kobold

Illustrated notes

Levels and vault maps discovered:
D:1:      nzn_arrival_water_spiral, layout_rooms, minivault_24,
          chequers_big_river, nicolae_wormholes

Action                   || total
-------------------------++-------
Melee: Hand axe          ||    10
Armor: Robe              ||     6
Dodge: Dodged            ||    26
